Map: Pillars of Gold LE

Players

Future

  • Race: Terran Terran
  • Spawn Location: 7:00

Namshar - Winner!

  • Race: Zerg Zerg
  • League: Master
  • Spawn Location: 1:00

Event: DreamHack SC2 Masters 2020 Summer North America

VOD

Have the link to the VOD?

Description

Time

  • Played on: July 5, 2020, 3:37 p.m.
  • Length: 14:20

All games in this series

Show
View Real Time Build Order
Export as new Build Order

Future Terran 

Build Orders: Gas First Reaper Expand, Hellion Banshee 

Get SALT Encoding   

  12  0:00  SCV  
  13  0:13  SCV  
  14  0:17  Supply Depot  
  14  0:25  SCV  
  15  0:28  Refinery  
  15  0:39  SCV  
  16  0:45  Barracks  
  16  0:51  SCV  
  17  1:03  SCV  
  18  1:15  SCV  
  19  1:32  Reaper, Orbital Command  
  20  1:45  Command Center  
  20  1:57  Factory  
  20  1:59  SCV  
  21  2:05  Barracks Reactor  
  21  2:11  SCV  
  22  2:16  Supply Depot  
  22  2:18  Refinery  
  22  2:23  SCV  
  23  2:37  SCV  
  24  2:45  Starport  
  24  2:48  Hellion x2  
  24  2:49  SCV  
  29  2:57  Orbital Command  
  29  2:58  Barracks Tech Lab  
  29  3:09  Hellion  
  29  3:10  Hellion  
  29  3:12  SCV  
  34  3:25  SCV x2  
  34  3:26  Cloaking Field  
  36  3:31  Banshee  
  39  3:34  Hellion  
  39  3:40  Hellion  
  43  3:42  SCV  
  43  3:43  SCV  
  45  3:49  Supply Depot  
  45  3:54  SCV  
  45  3:55  SCV  
  45  3:59  Hellion  
  45  4:01  Hellion  
  45  4:09  SCV  
  45  4:10  SCV  
  45  4:14  Banshee, Barracks Tech Lab  
  49  4:18  Supply Depot  
  49  4:21  SCV  
  49  4:23  SCV  
  51  4:33  SCV  
  51  4:34  Stimpack, Marine  
  51  4:35  SCV  
  53  4:45  SCV  
  53  4:47  Command Center  
  53  4:49  SCV  
  54  4:53  Supply Depot, Marine  
  54  4:58  SCV  
  56  5:01  SCV  
  56  5:02  Factory Reactor  
  57  5:10  SCV, Starport Reactor  
  57  5:11  Engineering Bay  
  58  5:14  Engineering Bay  
  58  5:16  Marine  
  58  5:21  SCV  
  58  5:23  Refinery x2  
  58  5:25  Supply Depot  
  58  5:27  Barracks  
  58  5:31  SCV  
  58  5:33  SCV, Marine  
  58  5:34  Barracks  
  61  5:42  Terran Infantry Weapons Level 1, Terran Infantry Armor Level 1  
  61  5:43  SCV  
  61  5:45  SCV  
  61  5:46  Siege Tank  
  66  5:51  Marine  
  66  5:52  Starport Reactor  
  66  5:57  SCV x2  
  68  6:00  Orbital Command, Barracks  
  69  6:06  Barracks  
  69  6:11  SCV x2  
  71  6:22  Combat Shield  
  71  6:23  SCV x2, Siege Tank  
  76  6:26  Supply Depot  
  76  6:35  SCV x2, Marine x4  
  76  6:36  Marine  
  83  6:40  Supply Depot, Orbital Command  
  83  6:41  Supply Depot  
  83  6:43  Medivac  
  83  6:44  Medivac  
  87  6:47  SCV x2  
  87  6:50  Barracks Reactor  
  89  6:55  Armory, Siege Tank  
  89  6:57  Barracks Reactor  
  89  6:59  SCV x2  
  94  7:04  Marine x2  
  94  7:05  Marine x3  
  94  7:07  SCV  
  100  7:12  SCV x2  
  102  7:19  Medivac x2  
  102  7:21  SCV  
  102  7:22  Marine x2  
  108  7:23  Supply Depot, Marine x3  
  108  7:24  SCV  
  108  7:25  Supply Depot  
  108  7:26  Marine  
  108  7:27  Marine  
  115  7:38  SCV  
  115  7:39  SCV, Supply Depot  
  115  7:40  Supply Depot  
  117  7:45  SCV, Marine x4, Siege Tank  
  117  7:46  Marine x4  
  129  7:52  Missile Turret  
  129  7:57  Missile Turret  
  129  7:58  Marine  
  130  7:59  Missile Turret  
  130  8:02  Marine, Barracks  
  130  8:04  Barracks  
  130  8:05  Barracks  
  131  8:10  Marine x2  
  128  8:13  Marine  
  128  8:17  Siege Tank  
  132  8:25  Marine x2  
  132  8:26  Medivac  
  130  8:29  Marine  
  130  8:31  Medivac, Marine x5  
  138  8:35  Supply Depot  
  138  8:41  Marine  
  138  8:42  Terran Infantry Weapons Level 2  
  138  8:43  Supply Depot  
  138  8:44  Supply Depot  
  138  8:52  Marine x2  
  138  8:53  Marine x7  
  138  8:55  Marine x2  
  135  8:57  Marine  
  135  9:05  Marine  
  135  9:09  Marine  
  129  9:10  Marine x2  
  129  9:11  Marine x5  
  129  9:12  Marine  
  129  9:14  Terran Infantry Armor Level 2  
  132  9:19  Marine x3  
  132  9:23  Marine, Siege Tank  
  139  9:27  Marine  
  139  9:28  Medivac  
  142  9:33  Marine  
  142  9:38  Marine x6  
  129  9:41  Medivac, Marine x3  
  129  9:43  Marine x2  
  136  9:49  Marine  
  136  9:51  Marine  
  137  9:56  Marine x6  
  137  9:59  Marine  
  144  10:00  Marine  
  144  10:01  Marine, Siege Tank  
  144  10:02  Marine x2  
  151  10:07  Marine  
  129  10:16  Marine x7  
  129  10:17  Marine  
  129  10:18  Marine  
  124  10:24  Marine  
  124  10:26  Marine  
  121  10:40  Marine x7  
  121  10:42  Marine, Siege Tank  
  124  10:50  Marine x5  
  126  10:57  Marine  
  126  10:59  Marine  
  110  11:05  Marine x6  
  110  11:08  Marine  
  110  11:09  Marine  
  106  11:13  Marine x3  
  106  11:14  Siege Tank  
  112  11:25  Marine  
  108  11:26  Marine  
  108  11:27  Marine  
  108  11:28  Marine x7  
  108  11:32  Marine  
  115  11:33  Marine  
  106  11:49  Marine x5  
  106  11:51  Marine  
  106  11:52  Marine x7  
  106  11:53  Siege Tank  
  105  11:57  Liberator  
  107  12:01  Liberator  
  107  12:06  Marine  
  107  12:07  Marine x4  
  109  12:12  Marine x4  
  113  12:15  Marine  
  114  12:22  Marine  
  114  12:23  Marine x2  
  114  12:24  Marine x2  
  114  12:25  Marine  
  108  12:37  Marine x5  
  108  12:41  Marine  
  114  12:47  Siege Tank  
  114  12:48  Orbital Command  
  114  12:49  Marine  
  114  12:50  Marine  
  119  12:52  Marine  
  119  12:55  Marine x2  
  119  12:57  Marine  
  119  12:58  Marine  
  123  13:02  Marine  
  123  13:04  Marine x2  
  127  13:12  Liberator  
  130  13:14  Marine  
  129  13:23  Marine  
  129  13:24  Marine x2  
  129  13:25  Marine x3  
  129  13:26  Marine x2  
  108  13:31  Siege Tank  
  111  13:36  Marine  
  111  13:39  Marine  
  113  13:43  Marine  
  113  13:47  Marine  
  113  13:48  Marine x4  
  92  13:52  Marine  
  92  13:53  Marine  
  92  13:54  Marine  
  97  14:00  Marine  
  97  14:02  Marine  
Show
View Real Time Build Order
Export as new Build Order

Namshar Zerg - Winner!

Build Orders: Hatch First, Muta Ling Bane 

Get SALT Encoding   

  12  0:00  Drone  
  13  0:13  Overlord  
  13  0:17  Drone  
  14  0:31  Drone x2  
  16  0:49  Hatchery  
  15  0:52  Drone  
  15  0:56  Drone  
  17  0:59  Drone  
  18  1:09  Extractor  
  17  1:15  Spawning Pool  
  17  1:18  Drone  
  17  1:21  Drone  
  18  1:28  Drone  
  19  1:39  Drone  
  20  1:50  Drone  
  21  2:01  Queen  
  21  2:02  Queen  
  21  2:03  Zergling x4  
  27  2:17  Hatchery  
  27  2:22  Overlord  
  26  2:25  Drone  
  26  2:27  Drone  
  28  2:33  Metabolic Boost  
  28  2:40  Drone x2  
  28  2:43  Drone  
  31  2:48  Overlord  
  31  2:50  Drone  
  32  2:57  Queen  
  34  2:59  Drone  
  35  3:07  Drone x3  
  38  3:15  Drone x3  
  38  3:19  Queen  
  41  3:22  Drone  
  44  3:27  Overlord  
  44  3:34  Queen  
  44  3:35  Drone  
  44  3:36  Drone  
  44  3:39  Drone x2  
  50  3:46  Overlord  
  50  3:48  Drone  
  51  3:49  Drone x2  
  51  3:51  Zergling x4  
  54  3:57  Zergling x2  
  53  4:02  Spore Crawler  
  53  4:07  Spore Crawler  
  53  4:08  Drone  
  53  4:09  Drone x4  
  57  4:14  Drone  
  57  4:15  Drone x2  
  60  4:20  Spore Crawler  
  60  4:21  Lair  
  60  4:23  Spore Crawler x2  
  57  4:24  Drone  
  57  4:28  Zergling x4  
  57  4:29  Zergling x2  
  60  4:37  Queen  
  62  4:38  Zergling x4  
  62  4:39  Zergling x2  
  64  4:50  Drone  
  64  4:51  Drone  
  64  4:52  Overlord x2  
  65  5:09  Drone  
  65  5:10  Overlord  
  65  5:11  Drone  
  65  5:13  Drone  
  65  5:14  Drone x7  
  75  5:18  Extractor  
  75  5:20  Extractor  
  70  5:21  Baneling Nest  
  70  5:22  Zergling x2  
  70  5:23  Drone x2  
  70  5:27  Drone  
  73  5:29  Drone x8  
  81  5:37  Overseer  
  81  5:46  Extractor  
  81  5:47  Overlord x2  
  81  5:48  Drone x2, Extractor x2  
  80  5:50  Spire  
  80  5:55  Drone  
  80  5:56  Drone  
  81  5:58  Overlord x2  
  81  6:02  Hatchery  
  80  6:04  Drone  
  80  6:05  Drone x4  
  80  6:06  Evolution Chamber x2  
  80  6:07  Drone  
  80  6:10  Centrifical Hooks  
  84  6:17  Zergling x2  
  84  6:18  Zergling x8  
  88  6:23  Overseer  
  85  6:26  Drone x4  
  87  6:35  Drone  
  87  6:36  Drone  
  89  6:40  Zerg Melee Weapons Level 1, Zerg Ground Armor Level 1  
  89  6:43  Drone  
  89  6:45  Zergling x2  
  89  6:46  Zergling x12  
  97  6:48  Baneling x5  
  97  6:56  Overlord x2  
  97  7:02  Drone x2  
  97  7:03  Zergling x8  
  103  7:10  Zergling x2  
  103  7:11  Zergling x8  
  103  7:15  Zerg Flyer Weapons Level 1, Mutalisk x3  
  108  7:18  Baneling  
  108  7:19  Queen, Baneling x3  
  116  7:23  Baneling  
  116  7:28  Overlord  
  116  7:29  Overlord  
  116  7:30  Mutalisk x3  
  116  7:34  Baneling  
  122  7:37  Drone x5  
  127  7:46  Overlord x2  
  127  7:51  Zergling x6  
  130  7:53  Baneling x5  
  130  7:57  Baneling x3  
  130  7:58  Baneling x6  
  129  8:01  Zergling x18  
  138  8:06  Baneling  
  138  8:07  Baneling  
  138  8:14  Baneling x11  
  138  8:15  Zergling x2, Baneling  
  138  8:16  Zergling x12  
  140  8:24  Zergling x10  
  140  8:25  Zergling x4  
  141  8:31  Zergling x12  
  147  8:38  Zergling x8  
  143  8:53  Mutalisk x7  
  149  9:02  Hatchery  
  148  9:06  Zergling x14  
  134  9:11  Mutalisk  
  134  9:16  Zergling x2  
  134  9:17  Zergling x4  
  138  9:20  Overlord x2  
  138  9:22  Zerg Ground Armor Level 2  
  138  9:23  Zerg Melee Weapons Level 2  
  138  9:24  Zergling x6  
  137  9:25  Baneling x2  
  137  9:29  Baneling  
  137  9:30  Baneling x2  
  137  9:32  Zergling x2  
  137  9:33  Zergling x16  
  131  9:39  Zergling x6  
  131  9:41  Baneling x7  
  131  9:43  Zergling x2  
  131  9:44  Zergling x4  
  135  9:45  Baneling  
  135  9:46  Baneling x2  
  135  9:50  Zergling x8  
  135  9:55  Zergling x4  
  135  9:59  Zergling x14  
  144  10:07  Zergling x10  
  144  10:09  Hatchery  
  144  10:12  Zergling x4  
  136  10:17  Zergling x8  
  136  10:19  Baneling x5  
  136  10:20  Zergling x2, Baneling x4  
  136  10:21  Zergling x4  
  135  10:24  Baneling  
  135  10:25  Baneling x6  
  135  10:26  Zergling x4  
  130  10:29  Zergling x10  
  130  10:31  Baneling x2  
  128  10:38  Zergling x10  
  128  10:41  Zergling x2  
  128  10:42  Zergling x2  
  126  10:44  Baneling x4  
  126  10:49  Mutalisk  
  123  10:50  Mutalisk x2  
  123  10:51  Zergling x2  
  130  10:57  Baneling x7  
  130  10:58  Zergling x2, Baneling x2  
  121  11:07  Baneling  
  121  11:08  Zergling x14, Baneling  
  122  11:12  Baneling x2  
  122  11:13  Zergling x4  
  122  11:15  Zergling x2  
  122  11:16  Zergling x2  
  125  11:24  Zergling x2  
  125  11:25  Zergling x6  
  124  11:28  Baneling x8  
  124  11:29  Baneling x2  
  124  11:31  Zergling x2  
  124  11:32  Zergling x12  
  125  11:33  Zergling x4  
  125  11:38  Mutalisk  
  125  11:39  Mutalisk x2  
  126  11:46  Zergling x8  
  122  11:51  Zergling x2  
  122  11:53  Baneling x8  
  118  11:55  Zergling x4  
  118  12:06  Mutalisk x2  
  118  12:08  Zergling x14  
  119  12:12  Mutalisk x2  
  127  12:18  Zergling x2  
  127  12:20  Queen  
  130  12:25  Zergling x14  
  130  12:28  Baneling  
  130  12:29  Baneling x6  
  137  12:33  Baneling  
  137  12:34  Baneling x6  
  135  12:45  Zergling x22  
  142  13:01  Zergling x2  
  142  13:02  Zergling x12  
  142  13:04  Baneling  
  142  13:05  Hatchery, Baneling x5  
  148  13:06  Baneling x2  
  148  13:13  Zergling x10  
  145  13:24  Zergling x8  
  145  13:25  Zergling x4  
  145  13:26  Zergling x2  
  128  13:27  Zergling x6  
  128  13:29  Baneling x2  
  128  13:30  Baneling x3  
  128  13:31  Baneling  
  128  13:34  Zergling x4  
  123  13:39  Zergling x6  
  124  13:43  Baneling x2  
  124  13:47  Zergling x2  
  124  13:48  Zergling x8  
  117  13:56  Baneling x7  
  117  13:57  Zergling x6  
  117  14:02  Baneling x5  
Tags
 
Add a new tag
Caveats
  • Supply blocks, unpowered buildings, or Contaminate may cause inaccurate times.
  • Supply counts are checked every 10 seconds.